 Dungeon Crawl Stone Soup version 0.30.1-11-g7821555f0a (webtiles) character file.

Game seed: 15812709963028420556

38 SacredBeard the Vexing (level 3, 0/20 HPs)
             Began as a Deep Elf Hexslinger on Oct 30, 2023.
             Slain by a worm (8 damage)
             ... on level 2 of the Dungeon.
             The game lasted 00:02:56 (657 turns).

SacredBeard the Vexing (Deep Elf Hexslinger)         Turns: 657, Time: 00:02:56

Health: 0/20       AC:  2    Str:  7    XL:     3   Next: 25%
Magic:  8/8        EV: 13    Int: 23    God:
Gold:   64         SH:  0    Dex: 17    Spells: 5/6 levels left

rFire   + . .        m - +0 dagger
rCold   . . .        (no shield)
rNeg    . . .        c - +0 robe
rPois   .            (no helmet)
rElec   .            (no cloak)
rCorr   .            (no gloves)
SInv    .            (no boots)
Will    .....        (no amulet)
Stlth   ++           d - +6 ring of intelligence
HPRegen 0.23/turn    j - ring of protection from fire
MPRegen 0.11/turn

%: no passive effects
@: flying
A: no striking features
a: no special abilities


You were on level 2 of the Dungeon.
You visited 1 branch of the dungeon, and saw 2 of its levels.

You collected 64 gold pieces.

Inventory:

Hand Weapons
 a - a +1 sling
 m - a +0 dagger (weapon)
Armour
 c - a +0 robe (worn)
Jewellery
 d - a +6 ring of intelligence (left hand)
 j - a ring of protection from fire (right hand)
Scrolls
 b - a scroll of poison
 e - 2 scrolls of teleportation {unknown}
 g - 2 scrolls of identify {unknown}
 k - a scroll of noise {unknown}
 l - a scroll of magic mapping {unknown}
 n - a scroll of silence {unknown}
 o - a scroll of brand weapon {unknown}


   Skills:
 - Level 1.0 Fighting
 * Level 3.5 Ranged Weapons
 + Level 0.6 Armour
 + Level 2.8 Dodging
 + Level 2.3 Spellcasting
 + Level 4.3 Hexes


You had 5 spell levels left.
You knew the following spells:

 Your Spells              Type           Power      Damage    Failure   Level
a - Slow                  Hex            88%        N/A       2%          1

Your spell library contained the following spells:

 Spells                   Type           Power      Damage    Failure   Level
 Inner Flame              Hex/Fire       12%        N/A       16%         3
 Portal Projectile        Hex/Tloc       24%        N/A       16%         3
 Cause Fear               Hex            11%        N/A       22%         4


Dungeon Overview and Level Annotations

Branches:
Dungeon (2/15) Zot: 11321

Altars:


Message History

The adder bites you but does no damage. The adder closely misses you.
You closely miss the adder.
The adder is almost dead.
The adder barely misses you.
You hit the adder.
You kill the adder!
Casting: Slow (safe; 2% risk of failure)
Confirm with . or Enter, or press ? or * to list all spells.
Aiming: Slow (safe; 2% risk of failure)
Press: ? - help, Shift-Dir - straight line, f - worm
Aim: a worm (chance to affect: 63%)
The worm seems to slow down.
You hit the worm.
The worm is lightly wounded.
The worm barely misses you.
You hit the worm.
The worm is lightly wounded.
You barely miss the worm.
The worm is lightly wounded.
You barely miss the worm. You punch the worm.
The worm is lightly wounded.
The worm bites you.
You hit the worm.
The worm is moderately wounded.
You hit the worm.
The worm is moderately wounded.
The worm bites you.
You barely miss the worm.
The worm is moderately wounded.
You hit the worm.
The worm is moderately wounded.
You barely miss the worm.
The worm is moderately wounded.
The worm barely misses you.
You hit the worm.
The worm is heavily wounded.
You hit the worm.
The worm is heavily wounded.
The worm bites you!
You die...

### ##############.#####
#..........w@......#
#.################.##### #.#
#.....###### #.# #####.##(... #.#
######+##### #.##.### #w#
...........# #.##.# #.#
...........# #.##.###
#......................###......#
#.......w..............'..###.#.#


You could see a worm (slow).

Vanquished Creatures
  An adder (D:2)
  A dart slug (D:1)
  A bat (D:1)
  3 endoplasms (D:1)
  A giant cockroach (D:2)
  A goblin (D:1)
  2 hobgoblins
  4 jackals (D:2)
  4 kobolds (D:1)
  A quokka (D:2)
  3 ball pythons (D:1)
  A rat (D:1)
23 creatures vanquished.

Notes
Turn   | Place    | Note
-------+----------+-------------------------------------------
     0 | D:1      | SacredBeard the Deep Elf Hexslinger began the quest for the
                  | Orb.
     0 | D:1      | Reached XP level 1. HP: 11/11 MP: 5/5
    38 | D:1      | Reached skill level 1 in Fighting
    46 | D:1      | Reached XP level 2. HP: 16/16 MP: 6/6
   521 | D:2      | Reached XP level 3. HP: 5/20 MP: 4/8
   657 | D:2      | Slain by a worm

Illustrated notes

Levels and vault maps discovered:
D:1:      dpeg_arrival_simpleton_c, layout_rooms, chequers_serial_rivers_small_a
D:2:      minmay_chambers_of_ones, layout_basic, guppyfry_early_orc_mine

Skill      XL: |  1  2 |
---------------+-------+-----
Fighting       | 1 |  1.0
Ranged Weapons | 3 |  3.5
Spellcasting   | 2 |  2.3
Armour         | |  0.6
Dodging        | |  2.8
Hexes          | |  4.3

Action                     || total
---------------------------++-------
  Melee: Dagger            ||    32
         Punch             ||     1
   Fire: Sling             ||    61
   Cast: Slow              ||     5
    Use: Potion            ||     3
 Armour: Robe              ||     5
  Dodge: Dodged            ||    26
